 Dungeon Crawl Stone Soup version 0.30-a0-6-g7c9e10e132 (webtiles) character file.

Game seed: 15109547652662440573

89 SensoryNuts the Chopper (level 4, -1/45 HPs)
             Began as an Ogre Gladiator on Aug 22, 2022.
             Slain by Ijyb
             ... wielding a +4 dagger of speed
              (3 damage)
             ... on level 3 of the Dungeon.
             The game lasted 00:02:28 (2818 turns).

SensoryNuts the Chopper (Ogre Gladiator)            Turns: 2818, Time: 00:02:29

Health: -1/45      AC:  3    Str: 25    XL:     4   Next: 55%
Magic:  4/4        EV: 10    Int: 12    God:
Gold:   141        SH:  0    Dex: 10    Spells: 3/3 levels left

rFire   . . .      SeeInvis .    n - +7 dagger "Womuwed" {flame, *Noise Str+5 Int+3}
rCold   . . .      Faith    .    (no shield)
rNeg    . . .      Spirit   .    b - +0 robe
rPois   .          Reflect  .    c - +0 hat
rElec   .          Harm     .    (no cloak)
rCorr   .          Rampage  .    (gloves unavailable)
Will    .....                    (boots unavailable)
Stlth   +.........               (no amulet)
HPRegen 0.15/turn                (no ring)
MPRegen 0.09/turn                (no ring)

@: no status effects
A: large, unfitting armour, tough skin 1
a: no special abilities


You were on level 3 of the Dungeon.
You visited 1 branch of the dungeon, and saw 3 of its levels.

You collected 141 gold pieces.

Inventory:

Hand Weapons
 n - the +7 dagger "Womuwed" (weapon) {flame, *Noise Str+5 Int+3}
   (You found it on level 3 of the Dungeon)

   It burns those it strikes, dealing additional fire damage.
   Str:       It affects your strength (+5).
   Int:       It affects your intelligence (+3).
   *Noise:    It may make noises in combat.
Missiles
 d - 3 throwing nets (quivered)
 e - 6 large rocks
Armour
 a - a scarf of repulsion
 b - a +0 robe (worn)
 c - a +0 hat (worn)
Jewellery
 m - a ring of resist corrosion
Wands
 i - a wand of digging (4)
 o - a wand of paralysis (7)
Scrolls
 g - 2 scrolls of identify {unknown}
 h - a scroll of summoning {unknown}
 k - 2 scrolls of noise {unknown}
 l - a scroll of immolation {unknown}
 p - a scroll of butterflies {unknown}
 q - a scroll of enchant weapon {unknown}
Potions
 f - a potion of curing
 j - a potion of heal wounds {unknown}


   Skills:
 + Level 3.2 Fighting
 * Level 0.2 Short Blades
 - Level 4.0 Axes
 + Level 2.3 Throwing
 + Level 3.2 Dodging
 + Level 0.8 Stealth


You had 3 spell levels left.
You didn't know any spells.
Your spell library contained the following spells:

 Spells                   Type           Power      Damage    Failure   Level
 Sandblast                Erth           0%         2d4       32%         1
 Passwall                 Tmut/Erth      0%         N/A       45%         2
 Ozocubu's Armour         Ice            0%         N/A       69%         3
 Stone Arrow              Conj/Erth      0%         3d7       69%         3
 Ozocubu's Refrigeration  Ice            0%         4d7       100%        7


Dungeon Overview and Level Annotations

Branches:
Dungeon (3/15)

Altars:
Hepliaklqana

Shops:
D:2 ((:[*   D:3 ?

Annotations:
D:3 Ijyb


Innate Abilities, Weirdness & Mutations

You are too large for most types of armour.
You have tough skin. (AC +1)


Message History

You hit the kobold but do no damage. The kobold hits you but does no damage.
You hit the kobold. You burn the kobold.
The kobold is severely wounded.
The kobold barely misses you.
You closely miss the kobold.
The kobold is severely wounded.
The kobold hits you with a +0 dagger.
You hit the kobold but do no damage.
The kobold is severely wounded.
The kobold barely misses you.
You hit the kobold. You burn the kobold.
You kill the kobold!
Ijyb hits you with a +4 dagger of speed.
Ijyb hits you with a +4 dagger of speed!
You closely miss Ijyb.
Ijyb zaps a wand.
You resist with some effort.
You closely miss Ijyb. You punch Ijyb, but do no damage.
Ijyb hits you with a +4 dagger of speed.
You hit Ijyb. You burn Ijyb.
Ijyb is lightly wounded.
Ijyb barely misses you.
You hit Ijyb but do no damage.
Ijyb is lightly wounded.
Ijyb zaps a wand.
You suddenly lose the ability to move!
Ijyb hits you with a +4 dagger of speed. x3
* * * LOW HITPOINT WARNING * * *
Ijyb hits you with a +4 dagger of speed!
* * * LOW HITPOINT WARNING * * *
Ijyb hits you but does no damage.
Ijyb hits you with a +4 dagger of speed.
* * * LOW HITPOINT WARNING * * *
You can move again.
It was a potion of curing.
You feel better.
Ijyb hits you with a +4 dagger of speed.
* * * LOW HITPOINT WARNING * * *
Ijyb hits you with a +4 dagger of speed.
* * * LOW HITPOINT WARNING * * *
You hit Ijyb but do no damage.
Ijyb is lightly wounded.
Ijyb hits you with a +4 dagger of speed.
You die...

...## ...... ......
...# ...... ....
.#.... ...## ......
.... ..... ....##....#
##.. #.... ....#.....#
#... ....
###.......##...# .
.... #...####...#.#
... ..##
##.......###.####.....
.
##.....###...@).....#
#...)......#.g##...#
#.###........## # #.#
###......## ##.#
##..........
#..####..........#
#.#.......######..
#...##.#### #.
########


You could see Ijyb.

Vanquished Creatures
  Jessica (D:2)
  2 adders
  3 worms
  5 endoplasms
  5 goblins
  5 hobgoblins
  2 kobolds
  3 quokkas
  4 ball pythons
  3 bats
  A frilled lizard (D:3)
  2 rats (D:3)
36 creatures vanquished.

Vanquished Creatures (others)
  A plant (D:2)
1 creature vanquished.

Grand Total: 37 creatures vanquished

Notes
Turn   | Place    | Note
-------+----------+-------------------------------------------
     0 | D:1      | SensoryNuts the Ogre Gladiator began the quest for the Orb.
     0 | D:1      | Reached XP level 1. HP: 22/22 MP: 1/1
   607 | D:1      | Reached XP level 2. HP: 18/29 MP: 2/2
   893 | D:1      | Found a faded altar of an unknown god.
  1322 | D:2      | Reached XP level 3. HP: 32/36 MP: 3/3
  1465 | D:2      | Noticed Jessica
  1467 | D:2      | Found Edocath's Weapon Shop.
  1477 | D:2      | Killed Jessica
  1614 | D:2      | Reached XP level 4. HP: 35/45 MP: 4/4
  1860 | D:2      | Found Pukhaino's Book Emporium.
  1870 | D:2      | Found Ruiwiav's Armour Shoppe.
  1885 | D:2      | Found Gabioben's Assorted Antiques.
  1912 | D:2      | Found Xeeduwn's Weapon Shoppe.
  1922 | D:2      | Reached skill level 4 in Axes
  2293 | D:3      | Found a hazy altar of Hepliaklqana.
  2309 | D:3      | Found Tiygre's Magic Scroll Emporium.
  2571 | D:3      | Identified the +7 dagger "Womuwed" {flame, *Noise Str+5
                  | Int+3}
  2801 | D:3      | Noticed Ijyb
  2812 | D:3      | Paralysed by Ijyb for 5 turns
  2817 | D:3      | HP: 2/45 [Ijyb/+4 dagger of speed (5)]
  2818 | D:3      | Slain by Ijyb

Illustrated notes

Levels and vault maps discovered:
D:1:      tarquinn_simple_flora_water_e, layout_loops_corners,
          dreamdust_ecumenical_altar_statues, corexii_item_surrounded_by_moat,
          minmay_misc_feat_plants, minmay_misc_feat_encased
D:2:      cheibrodos_old_hovel, layout_basic, serial_shops, shop, shop, shop,
          shop, shop, roderic_st_hans_cross, uniq_jessica
D:3:      layout_rooms, nicolae_overflow_hidden_temple, serial_shops, shop,
          uniq_ijyb

Skill      XL: |  1  2  3  4 |
---------------+-------------+-----
Dodging        | 3 |  3.2
Fighting       | 3 |  3.2
Axes           | 4 |  4.0
Short Blades   | |  0.2
Throwing       | |  2.3
Stealth        | |  0.8

Action                   |  1- 3 |  4- 6 || total
-------------------------+-------+-------++-------
Melee: War axe           |    50 |    44 ||    94
       Dagger            |       |    18 ||    18
       Punch             |       |     1 ||     1
  Use: Potion            |       |     1 ||     1
 Stab: Sleeping          |     1 |       ||     1
Armor: Robe              |    13 |    12 ||    25
Dodge: Dodged            |    37 |    26 ||    63

Table legend: (Time is in decaauts)
 A = Elapsed time spent in this place.
 B = Non-inter-level travel time spent in this place.
 C = Inter-level travel time spent in this place.
 D = Time resting spent in this place.
 E = Time spent auto-exploring this place.
 F = Levels seen in this place.
 G = Mean time per level.
                   A        B        C        D        E       F      G
               +--------+--------+--------+--------+--------+-----+--------+
         Total |   2845 |   2798 |     47 |      0 |   2479 |   3 |  948.3 |
       Dungeon |   2845 |   2798 |     47 |      0 |   2479 |   3 |  948.3 |
               +--------+--------+--------+--------+--------+-----+--------+

Top non-repeatable levels by time:
     D:1: 1317 daAuts
     D:2: 979 daAuts
     D:3: 549 daAuts
